 Dungeon Crawl Stone Soup version 0.25-a0-578-gc91f01c (webtiles) character file.

Game seed: 7696119676081689540, levelgen mode: deterministic

60 15 the Chopper (level 3, 27/27 HPs)
             Began as a Demonspawn Gladiator on Mar 3, 2020.
             Quit the game on level 2 of the Dungeon.
             The game lasted 00:04:28 (1304 turns).

15 the Chopper (Demonspawn Gladiator)               Turns: 1304, Time: 00:04:29

Health: 27/27      AC:  6    Str: 14    XL:     3   Next: 82%
Magic:  4/4        EV: 13    Int: 10    God:
Gold:   61         SH:  0    Dex: 14    Spells: 4/4 levels left

rFire    . . .     SeeInvis .   a - +0 war axe
rCold    + . .     Gourm    .   (no shield)
rNeg     . . .     Faith    .   b - +0 leather armour
rPois    .         Spirit   .   c - +0 helmet
rElec    .         Reflect  .   (no cloak)
rCorr    .         Harm     .   (no gloves)
MR       .....                  (no boots)
Stlth    +.........             (no amulet)
HPRegen  0.09/turn              (no ring)
MPRegen  0.09/turn              (no ring)

@: no status effects
A: thin metallic scales 1, cold resistance 1
a: no special abilities


You were on level 2 of the Dungeon.
You were not hungry.

You visited 1 branch of the dungeon, and saw 2 of its levels.

You collected 61 gold pieces.

Inventory:

Hand Weapons
 a - a +0 war axe (weapon)
Missiles
 d - 2 throwing nets
 h - 2 curare-tipped darts (quivered)
Armour
 b - a +0 leather armour (worn)
 c - a +0 helmet (worn)
Scrolls
 e - 3 scrolls of remove curse
 i - a scroll of identify
 l - a scroll of amnesia {unknown}
Potions
 g - 2 potions of flight
 j - a potion of cancellation
Comestibles
 f - 2 rations
 k - 7 chunks of flesh


   Skills:
 * Level 2.2 Fighting
 + Level 3.1 Axes
 + Level 2.1 Throwing
 * Level 0.7 Armour
 * Level 3.1 Dodging
 + Level 0.2 Stealth
 * Level 1.0 Spellcasting


You had 4 spell levels left.
You didn't know any spells.
Your spell library was empty.

Dungeon Overview and Level Annotations

Branches:
Dungeon (2/15)

Altars:
Makhleb


Innate Abilities, Weirdness & Mutations

You are partially covered in thin metallic scales. (AC +2)
Your flesh is cold resistant. (rC+)


Message History

You see here an adder corpse.
You butcher the adder corpse.
Things that are here:
a chunk of flesh; an adder skeleton
k - 4 chunks of flesh (gained 1)
You slash the jackal!
You kill the jackal!
A leopard gecko comes into view.
You see here a jackal corpse.
A jackal comes into view.
There isn't anything here!
You see here a jackal corpse.
You butcher the jackal corpse.
k - 7 chunks of flesh (gained 3)
You see here a jackal skeleton.
There are no objects that can be picked up here. a jackal skeleton
h - 2 curare-tipped darts (gained 1)
The jackal is too close now for your liking.
Are you sure you want to abandon this character and quit the game? (Confirm with "yes".)

##.####.###.###
#.....#h###.# #
#...........###
#.#......÷....#
#####.##h.........#
#.................#
#.......÷..........
#......÷..........#
#.@...............#
#...(.............#
#.................#
########..........#
#..........#
............#
........######
.........#
.........#


You could see a jackal (wandering).

Vanquished Creatures
  3 adders (D:2)
  A worm (D:2)
  2 leopard geckos
  3 giant cockroaches
  3 goblins (D:1)
  A hobgoblin (D:2)
  3 jackals (D:2)
  2 bats (D:2)
  2 frilled lizards (D:1)
  6 kobolds
  3 rats
  A plant (D:1)
30 creatures vanquished.

Notes
Turn   | Place    | Note
-------+----------+-------------------------------------------
     0 | D:1      | 15 the Demonspawn Gladiator began the quest for the Orb.
     0 | D:1      | Reached XP level 1. HP: 16/16 MP: 1/1
   513 | D:1      | Gained mutation: Your flesh is cold resistant. (rC+)
                  | [demonic ancestry]
   513 | D:1      | Reached XP level 2. HP: 22/22 MP: 2/2
  1100 | D:2      | Found a burning altar of Makhleb.
  1135 | D:2      | Gained mutation: You are partially covered in thin metallic
                  | scales. (AC +2) [demonic ancestry]
  1135 | D:2      | Reached XP level 3. HP: 24/27 MP: 2/4
  1153 | D:2      | Reached skill level 1 in Spellcasting
  1304 | D:2      | Quit the game

Levels and vault maps discovered:
D:1:      wander_arrival_lonely_grave, layout_loops_ring, serial_forest,
          infiniplex_forest_straight_3, infiniplex_forest_lined_2,
          infiniplex_forest_clump_medium, infiniplex_forest_zigzag_1,
          infiniplex_forest_lined_2
D:2:      layout_basic, lemuel_doored_altar, lemuel_coloured_pillars_altar,
          lexackson_kobold_supper

Skill      XL: |  1  2  3 |
---------------+----------+-----
Throwing       | 2 |  2.1
Dodging        | 3 |  3.1
Axes           | 3 |  3.1
Spellcasting   | 1 |  1.0
Fighting       | |  2.2
Armour         | |  0.7
Stealth        | |  0.2

Action                   || total
-------------------------++-------
Melee: War axe           ||   103
Throw: Dart              ||    21
       Throwing net      ||     3
  Use: Scroll            ||     3
 Stab: Sleeping          ||     1
       Held in net/web   ||     1
  Eat: Chunk             ||     1
Armor: Leather armour    ||    37
Dodge: Dodged            ||    52

Table legend:
 A = Non-vault XP
 B = Vault XP
 C = Vault XP percentage of total XP
 D = Non-vault monster count
 E = Vault monster count
 F = Vault count percentage of total count
                 A         B        C        D         E       F
            +---------+---------+-------+---------+---------+-------
      Total |      87 |       0 |   0.0 |      29 |       0 |   0.0
            +---------+---------+-------+---------+---------+-------
        D:1 |      22 |       0 |   0.0 |      14 |       0 |   0.0
        D:2 |      65 |       0 |   0.0 |      15 |       0 |   0.0
            +---------+---------+-------+---------+---------+-------
